 Dungeon Crawl Stone Soup version 0.29.1-13-g9f3cf754e1 (webtiles) character file.

Game seed: 8759549207586696206

300584 MacCMillion the Spry (level 19, 0/150 HPs)
             Began as a Demigod Gladiator on Feb 2, 2023.
             Slain by an ironbound frostheart (8 damage)
             ... summoned by a boggart
             ... on level 3 of the Vaults.
             The game lasted 02:54:26 (67082 turns).

MacCMillion the Spry (Demigod Gladiator)           Turns: 67082, Time: 02:54:27

Health: 0/150      AC: 16    Str: 27    XL:     19   Next: 39%
Magic:  31/31      EV: 31    Int: 10    God:
Gold:   3074       SH: 42    Dex: 39    Spells: 25/28 levels left

rFire   x . .      SeeInvis .   V - +6 double sword (vorpal)
rCold   + + .      Faith    .   c - +18 shield of the Gong {rElec rN+ Will+ EV-5}
rNeg    + . .      Spirit   .   J - +0 swamp dragon scales
rPois   +          Reflect  +   X - +2 helmet
rElec   +          Harm     .   T - +2 cloak of a sewer {Str+6}
rCorr   .          Rampage  .   r - +0 pair of gloves
Will    +++..                   H - +2 pair of boots
Stlth   +.........              s - amulet of reflection
HPRegen 0.35/turn               w - ring "Huvutebb" {Ice Will+ Str+6 Stlth-}
MPRegen 0.22/turn               U - ring of protection from cold

@: no status effects
A: high MP 1, forlorn, divine attributes, deformed body, frail 1
}: 2/15 runes: decaying, gossamer
a: no special abilities


You were on level 3 of the Vaults.
You visited 7 branches of the dungeon, and saw 37 of its levels.
You also visited: Sewer.

You collected 3991 gold pieces.
You spent 917 gold pieces at shops.

Inventory:

Hand Weapons
 u - the +9 scimitar of Ravage {vorpal, rF+ rC+ MP+9}
   (You acquired it on level 4 of the Spider Nest)

   It inflicts extra damage upon your enemies.
   rF:        It protects you from fire.
   rC:        It protects you from cold.
   MP:        It affects your magic capacity (+9).
 V - a +6 vorpal double sword (weapon)
Missiles
 d - 6 throwing nets (quivered)
 e - 10 javelins
Armour
 c - the +18 shield of the Gong (worn) {rElec rN+ Will+ EV-5}
   (You found it on level 5 of the Lair of Beasts)

   It is deafeningly noisy when blocking attacks.
   EV:        It affects your evasion (-5).
   rElec:     It insulates you from electricity.
   rN:        It protects you from negative energy.
   Will:      It increases your willpower.
 r - a +0 pair of gloves (worn)
 H - a +2 pair of boots (worn)
 J - +0 swamp dragon scales (worn)
 T - the +2 cloak of a sewer (worn) {Str+6}
   (You found it on level 1 of the Vaults)

   Str:       It affects your strength (+6).
 X - a +2 helmet (worn)
Jewellery
 h - a +6 ring of dexterity
 j - a +4 ring of slaying
 s - an amulet of reflection (around neck)
 w - the ring "Huvutebb" (left hand) {Ice Will+ Str+6 Stlth-}
   (You bought it in a shop on level 1 of the Dungeon)

   [ring of ice]

   It enhances your ice magic.
   Str:       It affects your strength (+6).
   rF:        It makes you vulnerable to fire.
   rC:        It protects you from cold.
   Will:      It increases your willpower.
   Stlth:     It makes you less stealthy.
 M - a ring of resist corrosion
 P - a ring of positive energy
 U - a ring of protection from cold (right hand)
 Y - a ring of see invisible
 Z - a ring of fire
Wands
 a - a wand of roots (49)
 l - a wand of polymorph (29)
 v - a wand of mindburst (30)
 D - a wand of acid (7)
 L - a wand of flame (42)
 W - a wand of charming (4)
Scrolls
 i - 9 scrolls of butterflies
 n - 5 scrolls of immolation
 p - 2 scrolls of blinking
 y - 2 scrolls of silence
 A - 2 scrolls of summoning
 B - 8 scrolls of vulnerability
 E - 2 scrolls of brand weapon
 F - 5 scrolls of teleportation
 G - 2 scrolls of torment
 R - 6 scrolls of magic mapping
 S - 7 scrolls of fear
Potions
 f - 10 potions of curing
 g - a potion of heal wounds
 m - 4 potions of invisibility
 o - 3 potions of berserk rage
 t - 5 potions of attraction
 x - 6 potions of ambrosia
 z - 4 potions of might
 I - 6 potions of mutation
 N - 2 potions of haste
 Q - a potion of magic
Miscellaneous
 b - a phantom mirror
 k - a box of beasts
 C - a lightning rod (4/4)
 K - a tin of tremorstones (2/2)


   Skills:
 + Level 14.2 Fighting
 - Level 14.0 Long Blades
 - Level 5.1 Throwing
 - Level 6.3 Armour
 + Level 18.6 Dodging
 - Level 15.7 Shields
 - Level 5.0 Spellcasting
 + Level 10.8 Translocations
 + Level 8.2 Evocations


You had 25 spell levels left.
You knew the following spells:

 Your Spells              Type           Power      Damage    Failure   Level
a - Lesser Beckoning      Tloc           24%        N/A       1%          3

Your spell library contained the following spells:

 Spells                   Type           Power      Damage    Failure   Level
 Apportation              Tloc           48%        N/A       1%          1
 Gell's Gravitas          Tloc           24%        N/A       1%          3
 Teleport Other           Tloc           24%        N/A       1%          3
 Passage of Golubria      Tloc           24%        N/A       6%          4
 Portal Projectile        Hex/Tloc       26%        N/A       19%         3
 Magic Dart               Conj           8%         1d3       50%         1
 Sandblast                Erth           4%         2d4       50%         1
 Shock                    Conj/Air       8%         1d3       50%         1
 Sting                    Tmut/Pois      8%         1d3       50%         1
 Summon Small Mammal      Summ           8%         N/A       50%         1
 Call Imp                 Summ           2%         N/A       63%         2
 Ensorcelled Hibernation  Hex/Ice        6%         N/A       63%         2
 Passwall                 Tmut/Erth      1%         N/A       63%         2
 Poisonous Vapours        Pois/Air       4%         N/A       63%         2
 Scorch                   Fire           4%         2d5       63%         2
 Searing Ray              Conj           4%         2d4       63%         2
 Sublimation of Blood     Necr           2%         N/A       63%         2
 Dispersal                Tloc           12%        N/A       69%         6
 Conjure Flame            Conj/Fire      2%         6-21      86%         3
 Ignite Poison            Fire/Tmut/Pois 2%         N/A       86%         3
 Spider Form              Tmut/Pois      2%         N/A       86%         3
 Stone Arrow              Conj/Erth      4%         3d7       86%         3
 Tukima's Dance           Hex            2%         N/A       86%         3
 Anguish                  Hex/Necr       1%         N/A       99%         4
 Animate Armour           Summ/Erth      4%         N/A       99%         4
 Flame Wave               Conj/Fire      2%         2d4       99%         4
 Fulminant Prism          Conj/Hex       1%         3d6       99%         4
 Hailstorm                Conj/Ice       3%         3d3       99%         4
 Ice Form                 Ice/Tmut       3%         N/A       99%         4
 Leda's Liquefaction      Hex/Erth       1%         N/A       99%         4
 Olgreb's Toxic Radiance  Pois           2%         N/A       99%         4
 Petrify                  Tmut/Erth      2%         N/A       99%         4
 Sticky Flame             Conj/Fire      2%         2d3       99%         4
 Summon Lightning Spire   Summ/Air       2%         N/A       99%         4
 Alistair's Intoxication  Tmut/Pois      1%         N/A       100%        5
 Irradiate                Conj/Tmut      1%         3d12      100%        5
 Lee's Rapid Deconstruct  Erth           1%         3d5*      100%        5
 Silence                  Hex/Air        1%         N/A       100%        5
 Yara's Violent Unravell  Hex/Tmut       1%         3d3       100%        5
 Iron Shot                Conj/Erth      1%         9d1       100%        6
 Simulacrum               Ice/Necr       1%         N/A       100%        6
 Statue Form              Tmut/Erth      1%         N/A       100%        6
 Summon Cactus Giant      Summ           1%         N/A       100%        6
 Lehudib's Crystal Spear  Conj/Erth      1%         10d2      100%        8
 Chain Lightning          Conj/Air       1%         3d1       100%        9
 Fire Storm               Conj/Fire      1%         7d1       100%        9
 Shatter                  Erth           1%         3d5*      100%        9


Dungeon Overview and Level Annotations

Branches:
Dungeon (15/15)            Temple (0/1) D:7            Lair (5/5) D:10
  Swamp (4/4) Lair:2       Spider (4/4) Lair:3        Slime (0/5) Lair:5
    Orc (2/2) D:12            Elf (3/3) Orc:2        Vaults (4/5) D:13
 Depths (0/4) D:15          Sewer (visited)
  Crypt: Vaults:2-3

Shops:
D:1 =   D:10 ?   D:15 :   Orc:1 (   Orc:2 *[**   Elf:2 (?   Vaults:2 (

Portals:
Trove: D:14 (give +6 demon blade)

Annotations:
D:6 steam dragon
D:9 exclusion: two-headed ogre
D:14 1 runed translucent door, Henri's ghost, journeyman SpAM
Orc:2 2 transporters, daba11's ghost, journeyman MiBe
Elf:1 3 runed translucent doors, MinkTDR's ghost, journeyman DECj
Elf:2 3 runed translucent doors
Vaults:3 19 runed doors
Vaults:4 Sojobo


Innate Abilities, Weirdness & Mutations

You have an increased reservoir of magic. (+10% MP)
You shall have no god before yourself.
Your divine heritage dramatically boosts your attributes as you level up.
Armour fits poorly on your strangely shaped body.
You are frail. (-10% HP)


Message History

You block the entropy weaver's attack.
GONNNNG!
You block the entropy weaver's attack.
PANG!
The entropy weaver completely misses you.
You block the cyan ugly thing's attack.
PANG!
You hear a horrible gurgling sound!
You slash the entropy weaver!
The entropy weaver is lightly wounded.
You block the entropy weaver's attack.
GONNNNG!
You block the entropy weaver's attack.
PANG!
The entropy weaver completely misses you.
You block the entropy weaver's attack.
SHROANNG!
You hear a roar!
You hear a horrible gurgling sound! x2
You closely miss the entropy weaver.
The entropy weaver is lightly wounded.
You block the cyan ugly thing's attack.
GONNNNG!
You block the entropy weaver's attack.
GONNNNG!
The entropy weaver completely misses you.
You block the entropy weaver's attack.
BOUMMMMG!
The entropy weaver closely misses you.
You slice the entropy weaver!!
The entropy weaver is heavily wounded.
You block the entropy weaver's attack.
PTOANNNG!
The entropy weaver completely misses you.
You block the entropy weaver's attack.
GONNNNG!
You block the entropy weaver's attack.
BOUMMMMG!
The cyan ugly thing punches you but does no damage.
The ironbound frostheart touches you!
* * * LOW HITPOINT WARNING * * *
The ironbound frostheart freezes you! You resist.
You die...

#############
#...pu))uTT.#
#..pu#.#pO..#
#..@.###uTT.#
#)..B#.#Tgg.#
#.###p).###.#
+. #[s).$# .#
#. ##...## .#
#. ..#!#.. .+
#.?>.###....#
... ...# ..
..#


You could see an ironbound preserver (summoned), an entropy weaver, 2 ugly
things, 2 ironbound frosthearts and a culicivora.

Vanquished Creatures
  Frederick (Vaults:2)
  Bai Suzhen (Vaults:2)
  Nikola (Swamp:1)
  Arachne (Spider:4)
  A tentacled monstrosity (Swamp:2)
  Asterion (Elf:1)
  2 deep elf blademasters (Elf:3)
  A deep elf master archer (Elf:3)
  A thorn hunter (Swamp:4)
  2 sphinxes
  Gastronok (Lair:1)
  Kirke (Spider:1)
  Roxanne (Elf:3)
  Donald (Vaults:2)
  10 deep elf sorcerers
  A fenstrider witch (Swamp:1)
  An orc warlord (Orc:2)
  5 emperor scorpions
  4 vault wardens
  6 deep elf elementalists
  2 broodmothers
  6 ghost moths
  5 ironbound preservers
  A stone giant (Orc:2)
  An eleionoma (shapeshifter) (Elf:3)
  7 deep elf demonologists (Elf:3)
  5 ironbound thunderhulks
  7 dire elephants
  4 eleionomae
  6 deep elf annihilators
  Nessos (D:15)
  A spark wasp (Spider:4)
  5 bunyips (Swamp:2)
  7 entropy weavers
  Snorg (D:13)
  3 deep elf death magi (Elf:3)
  An ettin (Vaults:3)
  6 deep elf high priests
  6 great orbs of eyes
  5 vault guards
  6 yaktaur captains
  Fannar (Lair:3)
  22 hydras
  A shambling mangrove (Swamp:4)
  A ghost crab (Swamp:1)
  3 ironbound frosthearts
  4 boulder beetles
  13 centaur warriors
  A jorogumo (Spider:3)
  2 catoblepae
  A death knight (D:15)
  An ogre mage (Orc:1)
  13 alligators
  2 radroaches
  5 dancing weapons
  15 two-headed ogres
  3 tengu warriors
  5 spriggans
  Amaemon (Lair:1)
  An orc high priest (Orc:2)
  8 deep elf knights
  17 slime creatures
  A skeletal warrior (D:15)
  4 pharaoh ants
  3 sun moths
  5 goliath frogs
  6 steelbarb worms
  2 spriggan druids
  6 swamp dragons
  A glowing orange brain (Vaults:1)
  19 deep trolls
  4 bog bodies
  11 orb spiders
  4 wizards
  7 lindwurms
  15 deep elf zephyrmancers
  9 ironbound convokers
  A phantasmal warrior (D:15)
  2 spectral wolf spiders (Spider:3)
  A cyclops (shapeshifter) (D:15)
  6 deep elf archers
  4 wolf spider zombies
  9 orc knights
  18 deep elf pyromancers
  A harpy (Vaults:3)
  26 wolf spiders
  2 orc sorcerers
  4 cyclopes
  7 will-o-the-wisps
  17 ugly things
  2 moths of wrath
  2 manticores (D:15)
  13 vault sentinels
  11 elephants
  4 torpor snails
  5 black mambas
  An orange demon (Lair:1)
  11 komodo dragons
  An unseen horror (shapeshifter) (Elf:1)
  19 cane toads
  3 gargoyles
  A centaur skeleton (D:12)
  3 demonic crawlers
  An unseen horror (D:11)
  22 yaktaurs
  2 kobold demonologists
  A tengu conjurer (D:12)
  2 freezing wraiths
  4 rime drakes
  A redback zombie (D:12)
  3 hellwings (D:12)
  4 trolls
  13 tarantellas
  3 meliai (D:12)
  A hornet (shapeshifter) (Elf:3)
  2 polar bears
  3 wolf spider simulacra (Spider:3)
  8 tyrant leeches
  7 saltlings (Orc:1)
  20 blink frogs
  11 hornets
  5 dream sheep (Lair:3)
  12 culicivoras
  40 jumping spiders
  An air elemental (Elf:1)
  2 shadows
  21 humans (D:13)
  4 wraiths
  A centaur simulacrum (D:15)
  2 hogs (Spider:1)
  44 yaks
  3 basilisks
  3 wyverns
  3 fire elementals
  A vampire (D:12)
  A golden eye (shapeshifter) (Elf:3)
  58 redbacks
  13 vampire mosquitoes
  3 wargs
  3 steam dragons
  12 swamp worms
  An acid dragon (D:12)
  4 water moccasins
  10 swamp drakes
  4 ice beasts
  23 orc warriors
  4 ogres
  3 black bears
  14 wolves
  8 centaurs
  2 kobold brigands (D:12)
  3 earth elementals
  20 bullfrogs
  A necrophage (D:5)
  2 gnoll sergeants
  3 scorpions (D:4)
  8 wights
  13 killer bees
  5 electric eels
  A howler monkey (D:8)
  A hound (D:5)
  Crazy Yiuf (D:7)
  14 orc priests
  5 jellies
  A gnoll bouda (D:4)
  3 iguanas
  18 orc wizards
  12 adders
  19 gnolls
  6 river rats (Sewer)
  A shadow imp (D:8)
  3 white imps
  2 ufetubi
  6 worms
  A dart slug (D:5)
  87 orcs
  3 ball pythons
  8 endoplasms
  9 giant cockroaches
  7 goblins
  5 hobgoblins
  6 jackals
  11 kobolds
  8 quokkas
  16 bats
  5 frilled lizards
  2 rats (D:2)
  2 briar patches (Swamp:4)
1251 creatures vanquished.

Vanquished Creatures (collateral kills)
  A vault warden (Vaults:3)
  A vault guard (Vaults:3)
  A wizard (Vaults:3)
  A yaktaur (Vaults:3)
4 creatures vanquished.

Vanquished Creatures (others)
  A sun moth (Spider:3)
  A wizard (Vaults:3)
  A deep elf pyromancer (Elf:3)
  2 bloated husks
  A tyrant leech (Swamp:2)
  A culicivora (Lair:3)
  2 humans (Spider:2)
  A swamp worm (Swamp:1)
  2 swamp drakes
  An orc warrior (D:8)
  A kobold brigand (D:12)
  An orc wizard (D:12)
  2 adders
  An orc (D:8)
  A hobgoblin (D:4)
  A quokka (D:4)
  A ball python (D:4)
  A briar patch (Swamp:4)
  28 foxfires
  45 fungi
  5 pillars of salt (Orc:2)
  97 plants
  5 withered plants (D:9)
202 creatures vanquished.

Grand Total: 1457 creatures vanquished

Notes
Turn   | Place    | Note
-------+----------+-------------------------------------------
     0 | D:1      | MacCMillion the Demigod Gladiator began the quest for the
                  | Orb.
     0 | D:1      | Reached XP level 1. HP: 17/17 MP: 3/3
   192 | D:1      | Found Ixiteic's One-of-a-Kind Rings.
   424 | D:1      | Reached XP level 2. HP: 13/24 MP: 4/4
  1295 | D:2      | Reached XP level 3. HP: 22/30 MP: 5/5
  2411 | D:3      | Identified the +2 leather armour "Yhahyjeg" {rPois rF-
                  | rCorr Str+3}
  2530 | D:3      | Reached XP level 4. HP: 37/37 MP: 6/6
  3180 | D:4      | Reached skill level 5 in Long Blades
  3180 | D:4      | Reached XP level 5. HP: 37/45 MP: 7/7
  3383 | D:4      | Noticed an ogre
  3418 | D:4      | Killed an ogre
  3675 | D:4      | Reached XP level 6. HP: 33/51 MP: 8/8
  4791 | D:5      | Entered Level 5 of the Dungeon
  4894 | D:5      | Reached XP level 7. HP: 57/57 MP: 9/9
  5173 | D:5      | Identified the +1 ring mail of Uskayaw's Displeasure {rN+
                  | Str+4}
  5567 | D:5      | Got Sif Muna's Directory of Malignant Arts
  6373 | D:6      | Noticed a steam dragon
  6651 | D:6      | Reached XP level 8. HP: 63/63 MP: 10/10
  6799 | D:6      | Found a glowing drain.
  6860 | Sewer    | Entered a sewer
  9301 | D:7      | Reached skill level 10 in Long Blades
 10150 | D:7      | Reached skill level 3 in Dodging
 10625 | D:7      | Found a staircase to the Ecumenical Temple.
 10743 | D:7      | Reached XP level 9. HP: 44/69 MP: 11/11
 10904 | D:7      | Found a runed translucent door.
 10905 | D:7      | Noticed Crazy Yiuf
 11202 | D:7      | Reached skill level 4 in Dodging
 12692 | D:9      | Reached skill level 5 in Dodging
 13235 | D:9      | You fall into a shaft and drop 1 floor!
 13235 | D:10     | Entered Level 10 of the Dungeon
 13350 | D:9      | Reached XP level 10. HP: 64/77 MP: 13/13
 13735 | D:9      | Noticed a two-headed ogre
 13788 | D:9      | Reached skill level 6 in Dodging
 14163 | D:10     | Noticed a two-headed ogre
 14588 | D:9      | Killed a two-headed ogre
 15809 | D:7      | Killed Crazy Yiuf
 15810 | D:7      | Reached skill level 7 in Dodging
 15892 | D:10     | Noticed a two-headed ogre
 16018 | D:10     | Found Apagreat's Magic Scroll Emporium.
 16027 | D:10     | Bought a scroll of magic mapping for 82 gold pieces
 16067 | D:10     | Found a staircase to the Lair.
 16399 | Lair:1   | Entered Level 1 of the Lair of Beasts
 16416 | Lair:1   | Noticed Amaemon
 16870 | Lair:1   | Noticed a black mamba
 16889 | Lair:1   | Killed a black mamba
 17012 | Lair:1   | Reached skill level 1 in Evocations
 17364 | Lair:1   | Killed Amaemon
 17365 | Lair:1   | Reached XP level 11. HP: 31/82 MP: 14/14
 17787 | Lair:1   | Noticed Gastronok
 17894 | Lair:1   | Noticed a six-headed hydra
 17924 | Lair:1   | Killed a ten-headed hydra
 17925 | Lair:1   | Reached skill level 8 in Dodging
 18921 | Lair:1   | Reached skill level 5 in Fighting
 18932 | Lair:1   | Reached skill level 5 in Evocations
 19218 | Lair:1   | Killed Gastronok
 19219 | Lair:1   | Reached skill level 9 in Dodging
 19883 | Lair:2   | Noticed a seven-headed hydra
 19998 | Lair:2   | Killed a seven-headed hydra
 20634 | Lair:2   | Reached XP level 12. HP: 100/100 MP: 15/15
 20819 | Lair:2   | Reached skill level 10 in Dodging
 21091 | Lair:2   | Found a staircase to the Swamp.
 21303 | Lair:3   | Noticed a five-headed hydra
 21326 | Lair:3   | Noticed Fannar
 21545 | Lair:3   | Killed Fannar
 22450 | Lair:3   | Reached skill level 11 in Dodging
 22745 | Lair:3   | Found a hole to the Spider Nest.
 23247 | Lair:4   | Noticed a six-headed hydra
 23433 | Lair:4   | Noticed a catoblepas
 23449 | Lair:4   | Killed a catoblepas
 24020 | Lair:5   | Entered Level 5 of the Lair of Beasts
 24207 | Lair:5   | Noticed an eight-headed hydra
 24520 | Lair:4   | Reached skill level 1 in Armour
 24656 | Lair:5   | Reached XP level 13. HP: 113/113 MP: 16/16
 24805 | Lair:5   | Reached skill level 5 in Armour
 25213 | Lair:5   | Found a staircase to the Slime Pits.
 25348 | Lair:5   | Reached skill level 10 in Fighting
 25357 | Lair:5   | Reached skill level 12 in Dodging
 25933 | Lair:5   | Reached skill level 1 in Shields
 25981 | Lair:5   | Found the +18 shield of the Gong {rElec rN+ Will+ EV-5}
 27377 | D:11     | Reached skill level 5 in Shields
 29853 | D:12     | Reached XP level 14. HP: 105/121 MP: 17/17
 30041 | D:12     | Found a staircase to the Orcish Mines.
 30459 | D:12     | Found the +4 Cigotuvi's embrace {rMiasma Drain rN+}
 30619 | Orc:1    | Entered Level 1 of the Orcish Mines
 30619 | Orc:1    | Found Ynnangask's Antique Weapon Boutique.
 30834 | Orc:2    | Entered Level 2 of the Orcish Mines
 31276 | Orc:1    | Reached skill level 10 in Shields
 31637 | Orc:2    | Found Seitouk's Assorted Antiques.
 31641 | Orc:2    | Found Eryivuask's General Store.
 31663 | Orc:2    | Noticed an orc warlord
 31688 | Orc:2    | Killed an orc warlord
 31695 | Orc:2    | Bought a wand of roots (6) for 201 gold pieces
 31709 | Orc:2    | Found Geyxan's Antique Armour Shoppe.
 31757 | Orc:2    | Found a transporter.
 31757 | Orc:2    | Noticed daba11's ghost (journeyman MiBe)
 31763 | Orc:2    | Found a transporter.
 31924 | Orc:2    | Found a staircase to the Elven Halls.
 32017 | Orc:2    | Found Geozod's General Store.
 32460 | D:13     | Noticed Snorg
 32463 | D:13     | Noticed Sonja
 32467 | D:13     | Killed Snorg
 32678 | D:12     | Noticed Sonja
 32678 | D:12     | Sonja changed into Sonja the black bear
 32689 | D:12     | Killed Sonja the black bear
 33672 | D:13     | Found a gate to the Vaults.
 33941 | D:14     | Found a runed translucent door.
 33945 | D:14     | Noticed Henri's ghost (journeyman SpAM)
 34054 | D:14     | Found a portal to a secret trove of treasure.
 34101 | D:14     | Reached XP level 15. HP: 126/126 MP: 18/18
 34537 | D:15     | Entered Level 15 of the Dungeon
 34663 | D:15     | Noticed Nessos
 34666 | D:15     | Killed Nessos
 35490 | D:15     | Found the +8 Vampire's Tooth {vamp}
 35583 | D:15     | Found a staircase to the Depths.
 35937 | D:15     | Found Byuthra's Vocational Training.
 36302 | Spider:1 | Entered Level 1 of the Spider Nest
 37477 | Swamp:1  | Entered Level 1 of the Swamp
 37486 | Swamp:1  | Noticed a fenstrider witch
 37490 | Swamp:1  | Reached skill level 13 in Dodging
 37498 | Swamp:1  | Killed a fenstrider witch
 38952 | Swamp:2  | Noticed Nikola
 39507 | Swamp:2  | Reached skill level 15 in Shields
 40035 | Swamp:1  | Killed Nikola
 40638 | Swamp:1  | Reached skill level 14 in Dodging
 40807 | Swamp:2  | Identified the +1 pair of boots of the Bells {rPois Str+2
                  | Int+3}
 40836 | Swamp:2  | Identified the +6 quarterstaff "Beastbane" {vamp, Str+2
                  | Dex-2 Stlth+}
 41233 | Swamp:3  | Noticed a tentacled monstrosity
 41366 | Swamp:2  | Killed a tentacled monstrosity
 41367 | Swamp:2  | Reached XP level 16. HP: 79/136 MP: 19/19
 42169 | Swamp:3  | Reached skill level 15 in Dodging
 42489 | Swamp:4  | Entered Level 4 of the Swamp
 43735 | Swamp:3  | Reached skill level 16 in Dodging
 45109 | Swamp:4  | Identified the +2 helmet "Lioc" {Int+5}
 45250 | Swamp:4  | Got a decaying rune of Zot
 47012 | Lair:3   | Found a hole to the Spider Nest.
 47350 | Spider:1 | Reached skill level 17 in Dodging
 47777 | Spider:2 | Noticed Kirke
 47791 | Spider:1 | Killed Kirke
 49029 | Spider:1 | Gained mutation: You are frail. (-10% HP) [mutagenic glow]
 49057 | Spider:1 | Gained mutation: Armour fits poorly on your strangely
                  | shaped body. [mutagenic glow]
 49981 | Spider:2 | Identified the +8 mace "Plog" {flame, +Blink}
 50018 | Spider:2 | Identified the +4 scale mail of Ububer {rCorr}
 50833 | Spider:2 | Reached XP level 17. HP: 124/130 MP: 20/20
 52735 | Spider:4 | Entered Level 4 of the Spider Nest
 52774 | Spider:4 | Identified a scroll of acquirement
 52775 | Spider:4 | Acquired the +9 scimitar of Ravage {vorpal, rF+ rC+ MP+9}
 54287 | Spider:4 | Noticed Arachne
 54307 | Spider:4 | Killed Arachne
 54922 | Spider:4 | Identified the +6 morningstar "Kekuschi" {freeze, rPois}
 55140 | Spider:4 | Got a gossamer rune of Zot
 55185 | Spider:4 | Identified the +1 hat of Cocytus {rPois rF+}
 55557 | Spider:4 | Learned a level 3 spell: Lesser Beckoning
 55803 | Elf:1    | Entered Level 1 of the Elven Halls
 55830 | Elf:1    | Paralysed by an air elemental for 1 turns
 55838 | Elf:1    | Reached skill level 1 in Translocations
 55840 | Elf:1    | Reached skill level 1 in Spellcasting
 56035 | Elf:1    | Identified the +1 kite shield of Uskayaw's Respect {Regen+}
 56035 | Elf:1    | Noticed Asterion
 56046 | Elf:1    | Killed Asterion
 56262 | Elf:1    | Identified the +5 morningstar "Mest" {venom, Dex+4}
 56492 | Elf:1    | Found a runed translucent gate.
 56492 | Elf:1    | Found a runed translucent gate.
 56492 | Elf:1    | Found a runed translucent gate.
 56492 | Elf:1    | Identified the +1 ring mail of Whack-A-Mole {rPois}
 56493 | Elf:1    | Noticed MinkTDR's ghost (journeyman DECj)
 56627 | Elf:1    | Got Neetutipp's Secrets of Creative Blows and Bruises
 57019 | Elf:2    | Reached skill level 5 in Translocations
 57019 | Elf:2    | Found Woirotaf's Antique Weapon Shoppe.
 57053 | Elf:2    | Found Izumimmeav's Magic Scroll Emporium.
 57339 | Elf:2    | Found a runed translucent gate.
 57339 | Elf:2    | Found a runed translucent gate.
 57341 | Elf:2    | Found a runed translucent gate.
 57751 | D:1      | Bought the ring "Huvutebb" {Ice Will+ Str+6 Stlth-} for 634
                  | gold pieces
 58111 | Elf:3    | Entered Level 3 of the Elven Halls
 58316 | Elf:3    | Noticed Roxanne
 58517 | Elf:3    | Reached XP level 18. HP: 87/140 MP: 27/27
 58907 | Elf:3    | Noticed a Tzitzimitl
 59705 | Elf:3    | Noticed a Tzitzimitl
 59973 | Elf:3    | Identified the +3 hand axe "Xeups" {pain, rElec rN+}
 60290 | Elf:3    | Identified the +3 chain mail "Ycann" {rN+ Int+3 Dex-5}
 60728 | Elf:3    | Identified the +0 chain mail "Coekhub" {Str-3 Int+2 SInv}
 60881 | Elf:3    | Reached skill level 5 in Spellcasting
 60882 | Elf:3    | Identified the +5 glaive of the Neverending Hells
                  | {antimagic, +Blink Dex+4}
 60900 | Elf:3    | Identified the +7 war axe of the Evening {drain, rElec
                  | Int-3 Dex+6}
 60997 | Elf:3    | Identified the +1 flail of Cudyfo Oday {flame, Str+7 Dex+4}
 61755 | Elf:3    | Identified the +6 sling of Naeppet {venom, Int+5}
 61758 | Elf:3    | Got the Cyclopedia of Gusty Direction
 61761 | Elf:3    | Got Bukux Fyil's Anthology of Geology
 61764 | Elf:3    | Identified the +1 ring mail "Foepliz" {Harm Str-2 Dex+3}
 61947 | Elf:3    | Killed Roxanne
 62309 | Vaults:1 | Entered Level 1 of the Vaults
 62425 | Vaults:1 | Reached skill level 10 in Translocations
 63615 | Vaults:1 | Identified the +2 cloak of a sewer {Str+6}
 63695 | Vaults:2 | Identified the +4 kite shield of the Lumpy People {Fly rN+
                  | Will- Str+4}
 63695 | Vaults:2 | Noticed Donald
 63712 | Vaults:2 | Killed Donald
 64186 | Vaults:2 | Reached skill level 18 in Dodging
 64311 | Vaults:2 | Noticed Bai Suzhen
 64327 | Vaults:2 | Killed Bai Suzhen
 64621 | Vaults:2 | Found Zuivupt's Antique Weapon Emporium.
 64668 | Vaults:2 | Reached skill level 5 in Throwing
 64951 | Vaults:2 | Noticed Frederick
 65464 | Vaults:2 | Reached XP level 19. HP: 148/149 MP: 31/31
 66552 | Vaults:2 | Killed Frederick
 66825 | Vaults:3 | Found a huge runed gate.
 66825 | Vaults:3 | Found a huge runed gate.
 66829 | Vaults:3 | Found a huge runed gate.
 66829 | Vaults:3 | Found a huge runed gate.
 66829 | Vaults:3 | Found a huge runed gate.
 66829 | Vaults:3 | Found a huge runed gate.
 66829 | Vaults:3 | Found a huge runed gate.
 66829 | Vaults:3 | Found a huge runed gate.
 66830 | Vaults:3 | Found a huge runed gate.
 66830 | Vaults:3 | Found a huge runed gate.
 66837 | Vaults:3 | Found a huge runed gate.
 66837 | Vaults:3 | Found a huge runed gate.
 66837 | Vaults:3 | Found a huge runed gate.
 66837 | Vaults:3 | Found a huge runed gate.
 66837 | Vaults:3 | Found a huge runed gate.
 66837 | Vaults:3 | Found a huge runed gate.
 66838 | Vaults:3 | Found a huge runed gate.
 66861 | Vaults:3 | Found a huge runed gate.
 66866 | Vaults:3 | Found a huge runed gate.
 66902 | Vaults:3 | You fall into a shaft and drop 1 floor!
 66944 | Vaults:4 | Noticed Sojobo
 67078 | Vaults:3 | HP: 6/150 [entropy weaver (4)]
 67082 | Vaults:3 | Slain by an ironbound frostheart

Illustrated notes

Levels and vault maps discovered:
D:1:      minmay_arrival_up_and_down, layout_loops_cross,
          nicolae_shop_unique_rings
D:2:      layout_basic, serial_rivers, chequers_serial_rivers_small_a,
          chequers_serial_rivers_micro_b, chequers_serial_rivers_room_b,
          chequers_serial_rivers_micro_d, chequers_serial_rivers_micro_b
D:3:      layout_basic, cheibrodos_worm_habitat
D:4:      minmay_angry_zag, layout_loops_ring, mainiacjoe_overflow_alcove_2,
          nicolae_overflow_hidden_temple, elyvilon_altar_4,
          kennysheep_generic_room_13
D:5:      layout_rooms, nzn_overflow_gifts_of_might_and_magic,
          kennysheep_doodads, minmay_misc_feat_encased, corexii_corridor_pit,
          hex_tiny
D:6:      layout_basic, portal_sewer_entry_f
D:7:      layout_basic, overflow_temple_1_default, mainiacjoe_overflow_brackets,
          amethyst_overflow_temple_binary, minmay_temple_entry_proselytizer,
          uniq_crazy_yiuf_cottage
D:8:      layout_cave_pods, okawaru_metal_pillars_3, enter_bailey_6
D:9:      layout_basic, grunt_temple_overflow_growth_and_decay,
          mainiacjoe_overflow_surrounded_room
D:10:     layout_rooms, mainiacjoe_overflow_paths, david_lair_shrubbed,
          serial_shops, nicolae_lakefront_shop
D:11:     layout_basic, minmay_puff
D:12:     layout_basic, erik_orc_2, hellmonk_guarded_unrand_cigotuvi
D:13:     layout_cave_pools, grunt_vaults_entry_tiered, serial_column_ruins,
          column_ruins_columns_straight, column_ruins_open_small,
          column_ruins_columns_dead_end, column_ruins_corridor_straight,
          column_ruins_corridor_corner, uniq_sonja, uniq_snorg
D:14:     layout_long_grid, ebering_ghost_inner_flame, enter_trove_2
D:15:     hangedman_depths_entry_try_elsewhere_first, layout_basic,
          minmay_strange_pillars, nicolae_shop_vocational, uniq_nessos
Lair:1:   layout_loops_ring, uniq_amaemon, uniq_gastronok
Lair:2:   layout_small_grid, nicolae_swamp_entry_splash_gauntlet,
          grunt_megastairs_1
Lair:3:   layout_concentric_octagons, spider_nest_entry_rubble, uniq_fannar
Lair:4:   layout_cellular_growth, minmay_stone_trees_small,
          chequers_serial_rivers_large_b, ldierk_geyser, serial_bayou_shore_b,
          lemuel_fruit_fields
Lair:5:   minmay_lair_end_frog_pond, layout_misc_corridors,
          minmay_slime_entry_pillars, chequers_serial_rivers_micro_a
Swamp:1:  layout_basic_swamp, evilmike_swamp_ruin_house_3
Swamp:2:  layout_falls_marsh, evilmike_swamp_ruin_house_6, uniq_nikola
Swamp:3:  layout_basic_swamp, infiniplex_staircase_pool
Swamp:4:  swamp_alternative, layout_basic_swamp, swamp_pool2
Spider:1: layout_spider_delve
Spider:2: nicolae_spider_mines_1, uniq_kirke
Spider:3: layout_spider_delve, nicolae_spider_undead_wolf_pack
Spider:4: johnstein_spider_rune_arachne_lair, drop_trap
Orc:1:    layout_caves, serial_shops, nicolae_shop_hallway_stairs
Orc:2:    hellmonk_orc_salted, layout_caves, gammafunk_ghost_arena, basic_altar
Elf:1:    eino_elf_arrival_sip, layout_rooms, basic_altar,
          gammafunk_ghost_fury_of_okawaru, minmay_elf_sorcery, uniq_asterion
Elf:2:    nicolae_elf_blades_splatter_lattice
          [nicolae_vaults_blade_armed_guards], layout_geoelf_diagonals,
          minmay_shoptagon
Elf:3:    minmay_elf_hall_curves, layout_gridlike, uniq_roxanne
Vaults:1: ontoclasm_vaults_fault, nicolae_vaults_big_angled_halls, v_pattern_1,
          vaults_room_hallway, vaults_dpeg_encased_lava, hangedman_vaults_maws,
          nicolae_vaults_little_squares_3, grunt_vaults_funnel,
          nicolae_vaults_circle_grid_a, vaults_dpeg_cross, vaults_room_hallway,
          nicolae_vaults_little_ls, layout_vaults_ring
Vaults:2: hangedman_vaults_restitches, grunt_vaults_trifunnel,
          nicolae_vaults_rhombus_7, v_misc_28, v_misc_2, vaults_room_hallway,
          ontoclasm_vaults_twist, grunt_vaults_twisty,
          nicolae_vaults_fighting_squares, v_misc_30, nicolae_vaults_asterisk,
          vaults_room_stairs_pillars, grunt_vaults_hallway_short,
          ontoclasm_vaults_idyll, vaults_room_door_ring, layout_vaults_omnibox,
          serial_shops, shop, uniq_donald, uniq_frederick, uniq_bai_suzhen
Vaults:3: nicolae_vaults_what_the_h, door_vault, minmay_crypt_entry_vampire_xt,
          grunt_vaults_diagonal, nicolae_vaults_mini_display_case,
          nicolae_vaults_network_s, v_misc_4, nicolae_vaults_shelves_hall,
          grunt_vaults_focal, ontoclasm_vaults_chip,
          nicolae_vaults_diagonal_hallway_8, layout_vaults_omnicross,
          serial_shops, nicolae_diamond_shop
Vaults:4: nicolae_vaults_circle_grid_b, vaults_room_mumra_shop_pool,
          ontoclasm_vaults_spin, dpeg_vaults_monster_row, vaults_dpeg_spiral,
          layout_vaults_maze_snakey, serial_shops, shop, uniq_saint_roka,
          uniq_boris, uniq_sojobo

Skill      XL: |  1  2  3  4  5  6  7  8  9 10 11 12 13 14 15 16 17 18 19 |
---------------+----------------------------------------------------------+-----
Fighting       | 2 3 7 9 10 11 12 13 14 | 14.2
Long Blades    | 3 4 5 7 9 11 12 14 | 14.0
Dodging        | 3 5 7 9 11 12 14 17 18 | 18.6
Evocations     | 3 5 7 8 |  8.2
Armour         | 2 6 |  6.3
Shields        | 8 13 15 | 15.7
Translocations | 7 10 | 10.8
Spellcasting   | 3 5 |  5.0
Throwing       | 5 |  5.1

Action                   |  1- 3 |  4- 6 |  7- 9 | 10-12 | 13-15 | 16-18 | 19-21 || total
-------------------------+-------+-------+-------+-------+-------+-------+-------++-------
Melee: Long sword        |   102 |    68 |       |       |       |       |       ||   170
       Punch             |     1 |       |     4 |    13 |     3 |       |       ||    21
       Scimitar          |       |    48 |   444 |   697 |  1724 |  1832 |     6 ||  4751
       Dagger            |       |       |       |     4 |    31 |       |       ||    35
       Rapier            |       |       |       |       |    41 |    69 |       ||   110
       Double sword      |       |       |       |       |       |   145 |   215 ||   360
Throw: Javelin           |     1 |       |       |     2 |       |       |       ||     3
       Dart              |       |    14 |    16 |    32 |     3 |     4 |       ||    69
       Throwing net      |       |     2 |     1 |     1 |       |     2 |       ||     6
 Cast: Lesser Beckoning  |       |       |       |       |       |     2 |     1 ||     3
Evoke: Wand              |       |       |       |    16 |    17 |     1 |     1 ||    35
       Box of beasts     |       |       |       |       |       |     1 |       ||     1
  Use: Scroll            |       |       |    13 |     8 |     8 |    13 |     4 ||    46
       Potion            |       |       |     4 |       |     5 |     5 |     6 ||    20
 Stab: Sleeping          |     2 |     1 |     3 |     2 |     2 |     1 |       ||    11
       Held in net/web   |       |     1 |     1 |     1 |       |     2 |       ||     5
       Distracted        |       |       |     1 |     1 |     2 |     4 |       ||     8
       Confused          |       |       |       |       |       |     1 |       ||     1
Armor: Leather armour    |    37 |    27 |       |    85 |   279 |       |       ||   428
       Ring mail         |       |       |   120 |       |       |       |       ||   120
       Steam dragon scal |       |       |     8 |     3 |    54 |    54 |       ||   119
       Swamp dragon scal |       |       |       |       |       |   276 |    16 ||   292
Dodge: Dodged            |    63 |    70 |   288 |   530 |   858 |  1078 |   106 ||  2993
Block: Other             |       |       |    53 |   131 |    30 |       |       ||   214
       Reflection        |       |       |     3 |     1 |    82 |   125 |    31 ||   242
       Kite shield       |       |       |       |       |  2606 |  3805 |   334 ||  6745
